Map: Backwater LE

Players

Hobbselite - Winner!

  • Race: Protoss Protoss
  • League: Diamond
  • Spawn Location: 5:00

RaZeNallek

  • Race: Zerg Zerg
  • League: Diamond
  • Spawn Location: 11:00

VOD

Have the link to the VOD?

Description

Finals of 6 round tournament

Time

  • Played on: Feb. 24, 2018, 10:02 p.m.
  • Length: 7:29
Show
View Real Time Build Order
Export as new Build Order

Hobbselite Protoss - Winner!

Build Orders: 1 Gate Expand 

Get SALT Encoding   

  12  0:01  Probe  
  13  0:13  Probe  
  14  0:21  Pylon  
  14  0:25  Probe  
  15  0:39  Probe (Chrono Boost)  
  15  0:41  Gateway  
  16  0:50  Assimilator  
  16  0:51  Probe (Chrono Boost)  
  17  1:00  Probe (Chrono Boost)  
  18  1:06  Probe (Chrono Boost)  
  19  1:18  Probe (Chrono Boost)  
  20  1:32  Nexus  
  20  1:45  Cybernetics Core  
  20  1:47  Probe  
  21  1:52  Assimilator  
  21  2:04  Probe (Chrono Boost)  
  22  2:09  Pylon  
  23  2:16  Probe (Chrono Boost)  
  23  2:27  Adept  
  23  2:28  Stargate  
  25  2:31  Gateway  
  25  2:35  Warp Gate  
  25  2:45  Probe (Chrono Boost)  
  27  2:55  Probe (Chrono Boost)  
  27  2:57  Probe (Chrono Boost)  
  28  3:03  Probe (Chrono Boost)  
  28  3:07  Shield Battery  
  28  3:09  Probe (Chrono Boost)  
  28  3:10  Shield Battery  
  30  3:15  Pylon  
  29  3:26  Void Ray (Chrono Boost)  
  33  3:34  Twilight Council  
  33  3:43  Probe x2  
  35  3:54  Adept x2  
  35  3:55  Probe  
  40  4:03  Probe  
  40  4:06  Charge (Chrono Boost)  
  41  4:14  Robotics Facility  
  41  4:29  Pylon  
  41  4:31  Gateway  
  41  4:33  Gateway  
  41  4:35  Gateway  
  41  4:49  Probe  
  42  4:58  Zealot  
  42  4:59  Warp Prism (Chrono Boost), Zealot  
  48  5:08  Gateway  
  48  5:10  Gateway  
  48  5:13  Gateway  
  48  5:29  Sentry  
  50  5:41  Pylon  
  50  5:45  Pylon  
  50  5:46  Pylon  
  50  5:52  Zealot x4  
  50  5:53  Zealot  
  60  6:25  Zealot x6  
  66  6:26  Zealot x2  
  76  6:54  Zealot x6  
  84  7:14  Zealot  
Show
View Real Time Build Order
Export as new Build Order

RaZeNallek Zerg 

Build Orders: Hatch First 

Get SALT Encoding   

  12  0:01  Drone  
  13  0:13  Overlord  
  13  0:17  Drone  
  14  0:31  Drone x2  
  14  0:35  Drone  
  17  0:54  Hatchery  
  16  1:00  Drone  
  16  1:02  Extractor, Drone  
  17  1:27  Spawning Pool  
  16  1:34  Drone x2  
  16  1:35  Drone  
  19  1:50  Drone  
  20  2:15  Zergling x6  
  23  2:17  Metabolic Boost  
  23  2:18  Queen  
  23  2:19  Queen  
  23  2:22  Drone  
  28  2:25  Overlord  
  28  2:43  Overlord  
  28  2:59  Drone x3  
  28  3:00  Drone x3  
  33  3:22  Roach Warren  
  32  3:27  Hatchery  
  31  3:37  Queen  
  31  3:38  Queen  
  35  3:44  Overlord  
  35  4:04  Roach x3  
  35  4:05  Roach  
  43  4:12  Spore Crawler  
  43  4:14  Spore Crawler  
  41  4:24  Overlord x2  
  41  4:30  Lair  
  41  4:33  Spore Crawler  
  41  4:35  Queen  
  42  4:49  Drone x5  
  47  4:56  Spore Crawler  
  46  5:01  Spore Crawler  
  45  5:08  Spore Crawler  
  45  5:11  Queen  
  46  5:19  Overlord  
  46  5:22  Drone x2  
  46  5:25  Drone  
  49  5:30  Drone x2  
  49  5:35  Drone x2  
  53  5:45  Hydralisk Den  
  53  5:49  Extractor, Drone x3  
  54  5:50  Extractor  
  53  6:10  Drone x5  
  53  6:11  Drone x5  
  62  6:17  Grooved Spines  
  63  6:32  Drone x3  
  66  6:33  Drone x2  
  66  6:34  Drone  
  66  6:35  Drone x2  
  66  6:36  Drone x2  
  66  6:39  Drone  
  74  6:40  Overlord  
  68  6:48  Roach x2  
  68  6:49  Roach  
  69  6:58  Roach x2  
  69  6:59  Roach x3  
Tags
 
Add a new tag
Caveats
  • Supply blocks, unpowered buildings, or Contaminate may cause inaccurate times.
  • Supply counts are checked every 10 seconds.